 Dungeon Crawl Stone Soup version 0.31-a0-424-g41b3b0883d (webtiles) character file.

Game seed: 2777714041235732925

46 Bnni the Shooter (level 3, -4/22 HPs)
             Began as a Tengu Hunter on July 30, 2023.
             Slain by Terence
             ... wielding a +1 mace of protection
              (9 damage)
             ... on level 2 of the Dungeon.
             The game lasted 00:00:47 (764 turns).

Bnni the Shooter (Tengu Hunter)                      Turns: 764, Time: 00:00:48

Health: -4/22      AC:  3    Str: 11    XL:     3   Next: 66%
Magic:  4/4        EV: 12    Int:  9    God:
Gold:   87         SH:  0    Dex: 19    Spells: 2/2 levels left

rFire   . . .        a - +0 shortbow
rCold   . . .        (shield currently unavailable)
rNeg    . . .        c - +0 leather armour
rPois   .            (helmet restricted)
rElec   .            (no cloak)
rCorr   .            (no gloves)
SInv    .            (boots unavailable)
Will    .....        (no amulet)
Stlth   ++           (no ring)
HPRegen 0.23/turn    (no ring)
MPRegen 0.09/turn

%: no passive effects
@: no status effects
A: beak, talons 3
a: no special abilities


You were on level 2 of the Dungeon.
You visited 1 branch of the dungeon, and saw 2 of its levels.

You collected 87 gold pieces.

Inventory:

Hand Weapons
 a - a +0 shortbow (weapon)
 f - a +3 dagger
Armour
 c - a +0 leather armour (worn)
Scrolls
 b - a scroll of butterflies
 d - a scroll of blinking {unknown}
 e - 2 scrolls of vulnerability {unknown}
 g - a scroll of teleportation {unknown}
 h - 4 scrolls of immolation {unknown}
 i - a scroll of revelation {unknown}
 k - a scroll of enchant armour {unknown}
 l - a scroll of identify {unknown}
 n - a scroll of noise {unknown}
 o - a scroll of fear {unknown}
Potions
 j - a potion of resistance {unknown}
 m - a potion of curing {unknown}


   Skills:
 + Level 2.7 Fighting
 * Level 5.4 Ranged Weapons
 - Level 2.1 Dodging
 - Level 1.0 Stealth


You had 2 spell levels left.
You didn't know any spells.
Your spell library was empty.

Dungeon Overview and Level Annotations

Branches:
Dungeon (2/15)

Altars:

Annotations:
D:2 Terence


Innate Abilities, Weirdness & Mutations

You have a beak for a mouth.
You have claws for feet.


Message History

Terence barely misses you.
You shoot an arrow.
The arrow hits Terence but does no damage.
Terence closely misses you.
You shoot an arrow.
The arrow hits Terence but does no damage.
Terence barely misses you.
You shoot an arrow. The arrow hits Terence.
Terence is lightly wounded.
Terence closely misses you.
You shoot an arrow. The arrow hits Terence.
Terence is moderately wounded.
Terence hits you with a +1 mace of protection.
You shoot an arrow.
The arrow hits Terence but does no damage.
Terence is moderately wounded.
Terence asks, "Do you want it fast or slow?"
Terence misses you.
You shoot an arrow.
The arrow hits Terence but does no damage.
Terence is moderately wounded.
Terence hits you with a +1 mace of protection.
Terence misses you.
You shoot an arrow.
The arrow hits Terence but does no damage.
Terence is moderately wounded.
Terence barely misses you.
You shoot an arrow. The arrow closely misses Terence.
The arrow hits the worm.
The worm is moderately wounded.
Terence hits you with a +1 mace of protection.
You are too injured to fight recklessly!
You are too injured to fight recklessly!
Unknown command.
You are too injured to fight recklessly!
Terence attacks as you move away!
Terence hits you with a +1 mace of protection.
* * * LOW HITPOINT WARNING * * *
Terence attacks as you move away!
Terence hits you with a +1 mace of protection!
You die...

####....###
...........#
#.######.#.#
#.#.# ##.#.# #.
#..#w# #.
####.##.# ..
..##.##@# .
#.##.##@# #.
#.##.##.#
#.##†#.#.#.#
#.....###..# ###
###.##.#.###
..#######.###.##
#.............#
..#####...#####
### ##..#


You could see Terence and a worm.

Vanquished Creatures
  3 dart slugs (D:1)
  A ball python (D:1)
  2 bats (D:1)
  4 endoplasms
  3 giant cockroaches (D:1)
  3 goblins (D:1)
  3 hobgoblins (D:1)
  2 jackals (D:2)
  5 quokkas
  3 frilled lizards (D:1)
  A kobold (D:1)
  5 rats
35 creatures vanquished.

Notes
Turn   | Place    | Note
-------+----------+-------------------------------------------
     0 | D:1      | Bnni the Tengu Hunter began the quest for the Orb.
     0 | D:1      | Reached XP level 1. HP: 12/12 MP: 2/2
    71 | D:1      | Reached XP level 2. HP: 17/17 MP: 3/3
   144 | D:1      | Reached skill level 5 in Ranged Weapons
   238 | D:1      | Reached XP level 3. HP: 22/22 MP: 4/4
   734 | D:2      | Noticed Terence
   764 | D:2      | Slain by Terence

Illustrated notes

Levels and vault maps discovered:
D:1:      zelgadis_glass_arrival_small, layout_basic, kennysheep_pointless_box
D:2:      minmay_general_purpose_star, layout_loops_ring, serial_undead,
          serial_undead_a, serial_undead_f, serial_undead_b, serial_undead_b,
          serial_bayou_pond_e, uniq_terence

Skill      XL: |  1  2 |
---------------+-------+-----
Ranged Weapons | 5 |  5.4
Fighting       | |  2.7
Dodging        | |  2.1
Stealth        | |  1.0

Action                     || total
---------------------------++-------
   Fire: Shortbow          ||   114
 Armour: Leather armour    ||    14
  Dodge: Dodged            ||    39

Table legend: (Time is in decaauts)
 A = Elapsed time spent in this place.
 B = Non-inter-level travel time spent in this place.
 C = Inter-level travel time spent in this place.
 D = Time resting spent in this place.
 E = Time spent auto-exploring this place.
 F = Levels seen in this place.
 G = Mean time per level.
                   A        B        C        D        E       F      G
               +--------+--------+--------+--------+--------+-----+--------+
         Total |    786 |    784 |      2 |      0 |    586 |   2 |  393.0 |
       Dungeon |    786 |    784 |      2 |      0 |    586 |   2 |  393.0 |
               +--------+--------+--------+--------+--------+-----+--------+

Top non-repeatable levels by time:
     D:1: 648 daAuts
     D:2: 138 daAuts
